Map: Daybreak LE (Void)

Players

Namshar - Winner!

  • Race: Zerg Zerg
  • Spawn Location: 1:00

Drager

  • Race: Protoss Protoss
  • Spawn Location: 7:00

Event: WESG 2016 Finals

VOD

Have the link to the VOD?

Description

Time

  • Played on: Jan. 12, 2017, 7:10 a.m.
  • Length: 10:13

All games in this series

Show
View Real Time Build Order
Export as new Build Order

Namshar Zerg - Winner!

Build Orders: Pool First 

Get SALT Encoding   

  12  0:00  Drone  
  13  0:13  Overlord  
  13  0:18  Drone  
  14  0:31  Drone x2  
  17  0:35  Drone  
  17  0:45  Spawning Pool  
  17  0:49  Drone  
  17  1:09  Hatchery  
  16  1:12  Drone  
  16  1:15  Extractor  
  17  1:18  Drone  
  17  1:21  Drone  
  18  1:32  Queen  
  20  1:34  Zergling x2  
  21  1:41  Overlord  
  21  1:49  Drone  
  22  2:01  Drone  
  23  2:07  Queen  
  25  2:11  Drone  
  25  2:15  Metabolic Boost  
  26  2:23  Drone x2  
  28  2:34  Drone x2  
  30  2:40  Hatchery  
  30  2:42  Drone  
  30  2:46  Drone  
  30  2:50  Drone x2  
  33  2:57  Overlord  
  33  2:59  Drone  
  33  3:04  Drone  
  33  3:05  Drone  
  36  3:19  Drone x2  
  37  3:20  Queen  
  37  3:23  Drone  
  37  3:24  Drone x2  
  37  3:25  Drone  
  37  3:26  Roach Warren  
  42  3:27  Drone x2  
  42  3:33  Extractor  
  43  3:34  Overlord  
  43  3:42  Drone  
  43  3:44  Overlord  
  44  3:51  Drone  
  44  3:53  Drone  
  44  3:54  Drone  
  44  3:55  Drone x4  
  51  3:56  Drone, Overlord  
  52  4:03  Drone  
  52  4:04  Drone  
  52  4:05  Overlord x2  
  54  4:11  Spore Crawler  
  54  4:13  Drone, Spore Crawler x2  
  52  4:17  Drone  
  52  4:20  Drone  
  54  4:25  Roach x3  
  54  4:27  Roach  
  54  4:28  Roach  
  64  4:33  Roach x2  
  64  4:37  Roach x2  
  72  4:41  Queen  
  72  4:44  Roach  
  76  4:46  Roach  
  78  4:54  Overlord  
  78  4:57  Drone x7, Extractor  
  78  4:58  Extractor  
  83  5:03  Lair  
  83  5:04  Drone  
  83  5:05  Overlord  
  86  5:14  Roach x2  
  86  5:15  Drone x3  
  86  5:16  Drone x3  
  94  5:22  Evolution Chamber  
  94  5:25  Drone  
  94  5:31  Overlord x2  
  94  5:32  Drone  
  94  5:33  Drone, Extractor  
  94  5:34  Drone  
  96  5:38  Drone  
  97  5:51  Zerg Melee Weapons Level 1  
  97  5:52  Drone, Hatchery  
  97  5:53  Extractor  
  97  5:54  Drone  
  97  5:55  Drone x2  
  99  6:03  Drone, Spore Crawler  
  99  6:06  Drone  
  99  6:07  Drone, Spore Crawler  
  99  6:08  Spore Crawler  
  99  6:09  Overlord  
  99  6:10  Overlord, Queen x2  
  99  6:11  Queen  
  105  6:18  Drone x2  
  107  6:19  Spire, Roach  
  107  6:22  Baneling Nest, Zergling x6  
  108  6:30  Zergling x2  
  108  6:31  Zergling x12  
  115  6:36  Glial Reconstitution, Ravager  
  115  6:43  Overlord x3  
  115  6:45  Overseer  
  115  7:00  Drone  
  116  7:02  Drone  
  116  7:04  Hatchery  
  116  7:14  Drone x9  
  116  7:15  Drone x3  
  128  7:20  Drone x2  
  130  7:26  Queen  
  132  7:34  Extractor  
  132  7:35  Spore Crawler  
  132  7:36  Centrifical Hooks, Zerg Flyer Armor Level 1, Overlord x3  
  130  7:37  Spore Crawler, Extractor  
  128  7:50  Zerg Melee Weapons Level 2  
  128  7:55  Hatchery  
  127  8:05  Drone x2, Corruptor  
  129  8:06  Corruptor x7  
  145  8:16  Corruptor x3  
  150  8:30  Corruptor x5  
  160  8:41  Corruptor x4  
  160  8:45  Overlord  
  160  8:46  Overlord  
  167  9:07  Corruptor x5  
  176  9:10  Zergling x20  
  179  9:19  Zergling x2  
  179  9:20  Zergling x16  
  188  9:32  Zergling x16  
  191  9:52  Zergling x24  
  196  9:53  Zergling x6  
Show
View Real Time Build Order
Export as new Build Order

Drager Protoss 

Build Orders: Nexus First 

Get SALT Encoding   

  12  0:01  Probe (Chrono Boost)  
  13  0:11  Probe (Chrono Boost)  
  14  0:18  Pylon  
  14  0:23  Probe (Chrono Boost)  
  15  0:36  Probe (Chrono Boost)  
  16  0:47  Probe (Chrono Boost)  
  17  0:59  Nexus  
  17  1:10  Gateway  
  17  1:12  Probe (Chrono Boost)  
  17  1:17  Assimilator  
  18  1:23  Probe (Chrono Boost)  
  19  1:27  Assimilator  
  19  1:33  Probe (Chrono Boost)  
  20  1:41  Gateway  
  20  1:47  Probe (Chrono Boost)  
  21  1:57  Probe (Chrono Boost)  
  22  2:04  Cybernetics Core  
  22  2:08  Probe (Chrono Boost)  
  26  2:15  Probe (Chrono Boost)  
  26  2:20  Probe (Chrono Boost)  
  27  2:26  Probe (Chrono Boost)  
  28  2:31  Probe (Chrono Boost)  
  28  2:36  Probe (Chrono Boost)  
  28  2:42  Probe (Chrono Boost)  
  28  2:43  Adept x2  
  28  2:48  Probe (Chrono Boost)  
  33  2:54  Probe (Chrono Boost)  
  34  3:01  Probe (Chrono Boost)  
  34  3:04  Warp Gate  
  36  3:06  Probe (Chrono Boost)  
  36  3:12  Probe (Chrono Boost)  
  37  3:17  Probe (Chrono Boost)  
  37  3:19  Pylon  
  38  3:37  Probe x2 (Chrono Boost), Adept x2  
  38  3:39  Twilight Council  
  44  3:43  Pylon  
  44  3:48  Probe x2 (Chrono Boost)  
  46  3:54  Pylon  
  46  3:56  Assimilator  
  46  3:58  Assimilator  
  46  4:02  Resonating Glaives, Probe x2 (Chrono Boost)  
  48  4:04  Adept x2  
  48  4:06  Gateway  
  52  4:12  Probe (Chrono Boost)  
  54  4:18  Probe (Chrono Boost)  
  54  4:23  Probe (Chrono Boost)  
  55  4:30  Probe (Chrono Boost)  
  56  4:33  Probe (Chrono Boost)  
  57  4:43  Probe (Chrono Boost)  
  57  4:44  Probe (Chrono Boost)  
  59  4:50  Stargate  
  59  4:54  Stargate  
  59  4:59  Nexus  
  59  5:01  Probe (Chrono Boost), Pylon  
  59  5:03  Probe (Chrono Boost)  
  61  5:09  Pylon  
  61  5:15  Pylon  
  61  5:19  Adept x3  
  69  5:21  Probe (Chrono Boost)  
  69  5:22  Probe (Chrono Boost)  
  69  5:32  Oracle x2, Probe (Chrono Boost)  
  69  5:35  Probe (Chrono Boost)  
  71  5:41  Fleet Beacon  
  78  5:42  Stargate  
  78  5:48  Mothership Core (Chrono Boost)  
  78  5:49  Probe (Chrono Boost)  
  80  5:59  Assimilator  
  80  6:01  Probe (Chrono Boost)  
  80  6:02  Pylon  
  80  6:03  Oracle  
  81  6:04  Assimilator  
  81  6:05  Oracle  
  81  6:08  Probe (Chrono Boost)  
  89  6:11  Probe (Chrono Boost)  
  89  6:14  Probe (Chrono Boost)  
  91  6:20  Probe (Chrono Boost)  
  91  6:21  Probe (Chrono Boost)  
  93  6:26  Probe (Chrono Boost)  
  93  6:32  Probe x2 (Chrono Boost)  
  95  6:38  Carrier x2, Probe (Chrono Boost)  
  96  6:44  Pylon  
  96  6:46  Pylon  
  96  6:54  Carrier  
  108  7:03  Pylon  
  108  7:04  Pylon  
  108  7:05  Pylon  
  108  7:06  Probe x2 (Chrono Boost)  
  108  7:07  Adept x2  
  108  7:08  Adept  
  122  7:13  Pylon  
  122  7:33  Adept x3  
  128  7:37  Forge  
  128  7:52  Carrier x2  
  128  7:58  Nexus  
  128  8:02  Pylon  
  140  8:08  Carrier  
  140  8:16  Templar Archives  
  140  8:18  Photon Cannon  
  140  8:20  Photon Cannon  
  146  8:30  Photon Cannon  
  146  8:32  Photon Cannon  
  146  8:41  Photon Cannon  
  146  8:42  Photon Cannon  
  146  8:43  Photon Cannon, Stargate  
  146  8:44  Pylon  
  143  9:15  Probe x4 (Chrono Boost)  
  147  9:17  High Templar x3  
  147  9:23  Void Ray  
  153  9:26  Pylon  
  153  9:27  Probe x2 (Chrono Boost)  
  153  9:28  Photon Cannon x2  
  159  9:32  Photon Cannon  
Tags
 
Add a new tag
Caveats
  • Supply blocks, unpowered buildings, or Contaminate may cause inaccurate times.
  • Supply counts are checked every 10 seconds.